[Event "Titled Tuesday Blitz January 04 2022"]
[White "Tasev, Dejan"]
[Black "Kravtsiv, Martyn"]
[WhiteFideId "936618"]
[BlackFideId "14113147"]
[WhiteElo "2253"]
[BlackElo "2694"]
[Result "0-1"]
[Round "05"]
[TimeControl "180+1"]
[Date "2022.01.04"]
[WhiteClock "0:00:04"]
[BlackClock "0:00:29"]

1. e4 e5 2. Nf3 Nc6 3. Bc4 Nf6 4. d3 Be7 5. Nc3 O-O 6. h3 d6 7. Be3 Na5 8. Bb3 Kh8 9. Qd2 a6 10. O-O c5 11. Nh2 Nxb3 12. axb3 Nh5 13. Nd5 Be6 14. Nxe7 Qxe7 15. f4 exf4 16. Bxf4 d5 17. Rae1 d4 18. Qd1 Nxf4 19. Rxf4 Qg5 20. Rf3 a5 21. Ref1 h6 22. Qe1 a4 23. bxa4 Rxa4 24. Rg3 Qh4 25. Nf3 Qh5 26. c3 Rfa8 27. cxd4 cxd4 28. Qc1 Ra1 29. Qc7 Rxf1+ 30. Kxf1 Qb5 31. Nxd4 Qxb2 32. Ne2 Ra1+ 33. Kf2 Ra2 34. Re3 Kh7 35. Qg3 Ra1 36. Qf3 b5 37. d4 Bc4 38. Qf5+ g6 39. Qf6 Ra7 40. h4 h5 41. g4 Ra3 42. Qf3 Rxe3 43. Qxe3 hxg4 0-1


[Site "https://www.chess.com"]

[Event "Titled Tuesday Blitz January 04 2022"]
[White "Ten Hertog, Hugo"]
[Black "Narayanan.S.L"]
[WhiteFideId "1026356"]
[BlackFideId "5058422"]
[WhiteElo "2493"]
[BlackElo "2494"]
[Result "0-1"]
[Round "05"]
[TimeControl "180+1"]
[Date "2022.01.04"]
[WhiteClock "0:00:20"]
[BlackClock "0:01:31"]

1. e4 e5 2. Bc4 f5 3. d3 Nf6 4. Nc3 Bb4 5. Nf3 d6 6. O-O Bxc3 7. bxc3 fxe4 8. dxe4 Bg4 9. h3 Bh5 10. Rb1 b6 11. Qd3 Nbd7 12. Ng5 Nc5 13. Qg3 h6 14. f4 hxg5 15. fxg5 Nfxe4 16. Bb5+ Ke7 17. Qh4 Bg6 18. Qe1 Rf8 19. Rf3 Qc8 20. Bc6 Rb8 21. Be3 Rxf3 22. gxf3 Qxh3 23. fxe4 Rh8 0-1


[Site "https://www.chess.com"]

[Event "Titled Tuesday Blitz January 04 2022"]
[White "Terry, Renato"]
[Black "Sadhwani, Raunak"]
[WhiteFideId "3803457"]
[BlackFideId "35093487"]
[WhiteElo "2577"]
[BlackElo "2616"]
[Result "0-1"]
[Round "05"]
[TimeControl "180+1"]
[Date "2022.01.04"]
[WhiteClock "0:00:12"]
[BlackClock "0:00:25"]

1. e4 e5 2. Nf3 Nc6 3. c3 d5 4. Qa4 f6 5. d3 Be6 6. Nbd2 Qd7 7. Be2 Nge7 8. Qc2 g5 9. h4 g4 10. Nh2 h5 11. b4 d4 12. Bb2 dxc3 13. Bxc3 Ng6 14. a3 Nf4 15. g3 Nxe2 16. Kxe2 O-O-O 17. Rhd1 f5 18. exf5 Bxf5 19. Ne4 Bh6 20. Nf1 Rhf8 21. Nfd2 Qf7 22. Ke1 Bg6 23. b5 Nd4 24. Bxd4 Rxd4 25. Nb3 Rdd8 26. Ra2 Qf3 27. Qe2 Qh1+ 28. Qf1 Qxf1+ 29. Kxf1 Bxe4 30. Nc5 Bd5 31. Rc2 b6 32. Na6 Rd7 33. Re1 Bg7 34. Nb4 Bf3 35. Rec1 e4 36. Na6 Be5 37. d4 Bd6 38. Rc6 e3 39. Rxd6 Rxd6 40. Rxc7+ Kd8 41. fxe3 Bb7+ 0-1


[Site "https://www.chess.com"]

[Event "Titled Tuesday Blitz January 04 2022"]
[White "Thavandiran, Shiyam"]
[Black "Bellahcene, Bilel"]
[WhiteFideId "2605058"]
[BlackFideId "696358"]
[WhiteElo "2357"]
[BlackElo "2562"]
[Result "0-1"]
[Round "05"]
[TimeControl "180+1"]
[Date "2022.01.04"]
[WhiteClock "0:00:17"]
[BlackClock "0:00:38"]

1. e4 c5 2. Nf3 Nc6 3. d4 cxd4 4. Nxd4 Nf6 5. Nc3 d6 6. Bg5 e6 7. Qd2 Be7 8. O-O-O a6 9. f4 Bd7 10. Kb1 b5 11. Bxf6 Bxf6 12. Nxc6 Bxc6 13. Qxd6 Qxd6 14. Rxd6 Rc8 15. e5 Be7 16. Rd1 h5 17. a3 h4 18. h3 Bc5 19. Bd3 Bxg2 20. Rh2 Bf3 21. Rf1 Bc6 22. f5 Ke7 23. fxe6 fxe6 24. Ne2 g5 25. c3 Rcf8 26. Rxf8 Rxf8 27. Kc2 Rf2 28. Rxf2 Bxf2 29. Nd4 Bxd4 30. cxd4 g4 31. Bf1 g3 32. Kc3 g2 33. Bxg2 Bxg2 34. Kb4 Bxh3 0-1


[Site "https://www.chess.com"]

[Event "Titled Tuesday Blitz January 04 2022"]
[White "Vokhidov, Shamsiddin"]
[Black "Vakhlamov, Igor L."]
[WhiteFideId "14204223"]
[BlackFideId "24126748"]
[WhiteElo "2611"]
[BlackElo "2401"]
[Result "1-0"]
[Round "05"]
[TimeControl "180+1"]
[Date "2022.01.04"]
[WhiteClock "0:01:43"]
[BlackClock "0:00:02"]

1. e4 c5 2. Nf3 Nc6 3. Bb5 g6 4. Bxc6 dxc6 5. d3 Bg7 6. a4 Bg4 7. a5 Nf6 8. Nbd2 O-O 9. O-O Nd7 10. h3 Bxf3 11. Nxf3 b6 12. Re1 Qc7 13. Qe2 Rad8 14. e5 e6 15. Bg5 Rb8 16. Qe4 bxa5 17. b3 Rb4 18. Qe2 a4 19. Bd2 axb3 20. Bxb4 cxb4 21. cxb3 a5 22. d4 Rd8 23. Rac1 Qb6 24. Rc4 c5 25. Rd1 Rb8 26. dxc5 Nxc5 27. Rd6 Qa7 28. Qe3 Rc8 29. Nd4 Bf8 30. Nc6 Rxc6 31. Rxc6 a4 32. R6xc5 axb3 33. Rc8 b2 34. Qxa7 b1=Q+ 35. Rc1 Qa2 36. Qe7 Qa7 37. Qxf8# 1-0


[Site "https://www.chess.com"]

[Event "Titled Tuesday Blitz January 04 2022"]
[White "Vovk, Orest"]
[Black "Guseinov, Gadir"]
[WhiteFideId "14113490"]
[BlackFideId "13401378"]
[WhiteElo "2203"]
[BlackElo "2581"]
[Result "1-0"]
[Round "05"]
[TimeControl "180+1"]
[Date "2022.01.04"]
[WhiteClock "0:00:09"]
[BlackClock "0:00:05"]

1. h4 c5 2. h5 h6 3. Nc3 Nc6 4. Nf3 Nf6 5. e4 d6 6. Be2 e5 7. d3 Bg4 8. Nh4 Bxe2 9. Qxe2 Nd4 10. Qd1 Qd7 11. Ne2 Rc8 12. c3 Nxe2 13. Qxe2 Qg4 14. Qxg4 Nxg4 15. c4 Nf6 16. Nf5 g6 17. hxg6 fxg6 18. Ne3 h5 19. Nd5 Nxd5 20. exd5 Be7 21. Be3 Kd7 22. b4 cxb4 23. Rb1 a5 24. a3 e4 25. axb4 a4 26. Kd2 exd3 27. Kxd3 Bf6 28. f3 Rhe8 29. Rhe1 b5 30. c5 Rxe3+ 31. Rxe3 dxc5 32. Re6 Bh8 33. Rb6 c4+ 34. Kc2 Ra8 35. Re1 a3 36. Ree6 a2 37. Rbd6+ Kc7 38. Rc6+ Kd7 39. Rcd6+ Kc7 40. Rc6+ Kb7 41. Re7+ Kb8 42. Re8+ Kb7 43. Rxa8 Kxa8 44. Ra6+ Kb7 45. Rxa2 1-0


[Site "https://www.chess.com"]

[Event "Titled Tuesday Blitz January 04 2022"]
[White "Weetik, Vjacheslav"]
[Black "Howell, David W L"]
[WhiteFideId "4153472"]
[BlackFideId "410608"]
[WhiteElo "2469"]
[BlackElo "2559"]
[Result "0-1"]
[Round "05"]
[TimeControl "180+1"]
[Date "2022.01.04"]
[WhiteClock "0:00:02"]
[BlackClock "0:01:08"]

1. e4 c5 2. Nf3 d6 3. d4 cxd4 4. Nxd4 Nf6 5. Nc3 a6 6. Be3 Ng4 7. Bc1 Nf6 8. Be3 g6 9. Be2 Nbd7 10. g4 h5 11. gxh5 Nxh5 12. Qd2 Nhf6 13. O-O-O Nc5 14. f3 Bd7 15. Kb1 Rc8 16. Bg5 Bg7 17. Qe3 Qa5 18. Nd5 Nxd5 19. exd5 e6 20. dxe6 Nxe6 21. h4 Qe5 22. Qxe5 dxe5 23. Nxe6 Bxe6 24. Rd6 Bf8 25. Rd3 Be7 26. Re1 f6 27. Bd2 Rxh4 28. Bc3 Kf7 29. b3 Bf5 30. Re3 Bc5 31. Bc4+ Rxc4 32. bxc4 Bxe3 33. Rxe3 Rxc4 34. Kb2 b5 35. a3 g5 36. Kc1 Kg6 37. Kd2 Kh5 38. Ke2 Bxc2 0-1


[Site "https://www.chess.com"]

[Event "Titled Tuesday Blitz January 04 2022"]
[White "Xiong, Jeffery"]
[Black "Zhigalko, Sergei"]
[WhiteFideId "2047640"]
[BlackFideId "13502956"]
[WhiteElo "2727"]
[BlackElo "2662"]
[Result "1-0"]
[Round "05"]
[TimeControl "180+1"]
[Date "2022.01.04"]
[WhiteClock "0:00:11"]
[BlackClock "0:00:02"]

1. d4 Nf6 2. c4 e6 3. Nf3 b6 4. g3 Ba6 5. Nbd2 Bb4 6. Qc2 Bb7 7. Bg2 Be4 8. Qd1 O-O 9. O-O Bxd2 10. Bxd2 d6 11. Re1 Nbd7 12. Bc3 a5 13. Bh3 Re8 14. Nd2 Bb7 15. e4 e5 16. Qc2 exd4 17. Bxd4 Ne5 18. Rad1 Nc6 19. Bc3 Nb4 20. Qb1 Nd7 21. a3 Nc6 22. b4 axb4 23. axb4 Qe7 24. Qb2 f6 25. f4 Nf8 26. Nf1 Qf7 27. Bg2 Nd8 28. c5 Ra2 29. Qb1 Rxg2+ 30. Kxg2 f5 31. cxd6 cxd6 32. Kg1 Bxe4 33. Qb2 d5 34. Bd4 Qh5 35. Qe2 Qg6 36. Ne3 Nde6 37. Be5 d4 38. Bxd4 Nxf4 39. Qf1 Nh5 40. Ng2 Ne6 41. Be3 b5 42. Nh4 Qf6 43. Ng2 Rf8 44. Bc5 Ng5 45. Bxf8 Nh3+ 46. Kh1 1-0


[Site "https://www.chess.com"]

[Event "Titled Tuesday Blitz January 04 2022"]
[White "Zierk, Steven"]
[Black "Kosakowski, Jakub"]
[WhiteFideId "2034255"]
[BlackFideId "1185080"]
[WhiteElo "2494"]
[BlackElo "2476"]
[Result "0-1"]
[Round "05"]
[TimeControl "180+1"]
[Date "2022.01.04"]
[WhiteClock "0:00:31"]
[BlackClock "0:00:31"]

1. e4 c6 2. d4 d5 3. exd5 cxd5 4. Bd3 Nc6 5. c3 Qc7 6. Ne2 Bg4 7. O-O e6 8. Qe1 Nf6 9. f3 Bh5 10. Qh4 Bg6 11. Bxg6 fxg6 12. Nf4 Kf7 13. Nh3 Re8 14. Re1 e5 15. dxe5 Nxe5 16. Bf4 Bd6 17. Nd2 h6 18. Bxe5 Bxe5 19. Nf2 Bf4 20. Nb3 g5 21. Qh3 Be3 22. Re2 Re5 23. Rae1 Rhe8 24. Kf1 Qc4 25. Ng4 Nxg4 26. Qxg4 Bf4 27. Nd4 Qd3 28. Qd7+ R8e7 29. Qb5 Qxb5 30. Nxb5 a6 31. Nd6+ Kf6 32. Nc8 Rxe2 33. Rxe2 Rxe2 34. Kxe2 Bxh2 35. Nb6 Ke6 36. Kd3 Bg1 37. Na4 b5 0-1


[Site "https://www.chess.com"]

[Event "Titled Tuesday Blitz January 04 2022"]
[White "Aghasiyev, Kamal"]
[Black "Nakamura, Hikaru"]
[WhiteFideId "13402854"]
[BlackFideId "2016192"]
[WhiteElo "2210"]
[BlackElo "2850"]
[Result "0-1"]
[Round "06"]
[TimeControl "180+1"]
[Date "2022.01.04"]
[WhiteClock "0:00:05"]
[BlackClock "0:00:41"]

1. d4 Nf6 2. c4 g6 3. Nc3 Bg7 4. e4 d6 5. Be2 O-O 6. Bg5 c5 7. d5 a6 8. a4 e6 9. Nf3 exd5 10. cxd5 h6 11. Bf4 Qe7 12. Nd2 Nbd7 13. O-O Ne8 14. Nc4 Ne5 15. Nb6 Rb8 16. Bg3 g5 17. Qc2 Nf6 18. Nd1 Ng6 19. Bf3 g4 20. Be2 Nxe4 21. Nxc8 Rbxc8 22. Bxg4 f5 23. Bf3 Nxg3 24. hxg3 Bd4 25. Ra3 Qg5 26. Rb3 Rc7 27. Rb6 Ne5 28. Be2 Qxg3 29. Qb3 Qg6 30. Qh3 f4 31. Qh5 Qg7 32. Bf3 Rd7 33. Nc3 c4 34. Rb4 Bc5 35. Na2 Rdf7 36. Be4 f3 37. g3 Qxg3+ 38. Kh1 Qg2# 0-1


[Site "https://www.chess.com"]

[Event "Titled Tuesday Blitz January 04 2022"]
[White "Akesson, Ralf"]
[Black "Ibarra Jerez, Jose Carlos"]
[WhiteFideId "1700120"]
[BlackFideId "2226332"]
[WhiteElo "2341"]
[BlackElo "2626"]
[Result "0-1"]
[Round "06"]
[TimeControl "180+1"]
[Date "2022.01.04"]
[WhiteClock "0:00:03"]
[BlackClock "0:00:21"]

1. d4 Nf6 2. c4 d6 3. Nc3 e5 4. dxe5 dxe5 5. Qxd8+ Kxd8 6. g3 Be6 7. b3 Nfd7 8. Bg2 c6 9. Bb2 f6 10. Nf3 Kc7 11. O-O a5 12. Nd2 Nc5 13. a3 Nbd7 14. Rfc1 Na6 15. Nd5+ Kd8 16. Ne3 Ndc5 17. Bc3 Nb8 18. Rab1 Kc7 19. b4 Na4 20. Ba1 axb4 21. axb4 Nd7 22. Nd5+ Kd8 23. Nc3 Be7 24. Nxa4 Rxa4 25. c5 Kc7 26. Bc3 Rha8 27. Kf1 Ra2 28. Ra1 R8a3 29. Rxa2 Rxa2 30. Ke1 Bd5 31. Bh3 Nb8 32. Bf5 g6 33. Bd3 Nd7 34. Ra1 Rxa1+ 35. Bxa1 b6 36. cxb6+ Nxb6 37. b5 c5 38. Bc3 c4 39. Bc2 Bc5 40. e3 Be6 41. Ne4 Be7 42. Ba5 f5 43. Nc3 Kb7 44. e4 f4 45. Kd2 Bc5 46. f3 Bg1 0-1


[Site "https://www.chess.com"]

[Event "Titled Tuesday Blitz January 04 2022"]
[White "Alexiadis, Hristos"]
[Black "Piorun, Kacper"]
[WhiteFideId "4249623"]
[BlackFideId "1130420"]
[WhiteElo "2416"]
[BlackElo "2571"]
[Result "0-1"]
[Round "06"]
[TimeControl "180+1"]
[Date "2022.01.04"]
[WhiteClock "0:01:19"]
[BlackClock "0:00:40"]

1. e4 e6 2. d4 d5 3. Nc3 Bb4 4. exd5 exd5 5. Qf3 Qe7+ 6. Qe3 Nc6 7. Ne2 Bf5 8. Qxe7+ Ngxe7 9. Bf4 Bxc2 10. Bxc7 Rc8 11. Bf4 Nf5 12. a3 Bxc3+ 13. bxc3 Na5 14. Rc1 Bd3 15. Ng3 Nxg3 16. Bxg3 Bxf1 17. Kxf1 Kd7 18. Ke2 Nc4 19. Kd3 h5 20. a4 Nb2+ 21. Kd2 Nxa4 22. Rc2 Nb6 23. Ra1 Nc4+ 24. Kd3 a5 25. Re2 Rhe8 26. Rb1 Rxe2 27. Kxe2 Kc6 28. Kd3 Re8 29. h4 a4 30. Ra1 a3 31. Bf4 Ra8 32. Ra2 Kb5 33. Bc1 Ka4 34. Re2 Kb3 35. Bxa3 Rxa3 36. Re7 b5 37. Rb7 Ra5 38. Rxf7 Ra2 39. Rb7 Rd2# 0-1


[Site "https://www.chess.com"]

[Event "Titled Tuesday Blitz January 04 2022"]
[White "Bellahcene, Bilel"]
[Black "Lenderman, Aleksandr"]
[WhiteFideId "696358"]
[BlackFideId "2021285"]
[WhiteElo "2562"]
[BlackElo "2651"]
[Result "0-1"]
[Round "06"]
[TimeControl "180+1"]
[Date "2022.01.04"]
[WhiteClock "0:01:44"]
[BlackClock "0:02:05"]

1. e4 e6 2. d4 d5 3. Nc3 dxe4 4. Nxe4 Nd7 5. Nf3 Ngf6 6. Nxf6+ Nxf6 7. Be3 Bd6 8. Bd3 b6 9. Qe2 Bb7 10. O-O-O Nd5 11. Kb1 Qe7 12. h4 O-O-O 13. Ba6 Kb8 14. Bxb7 Kxb7 15. Bc1 c6 16. h5 h6 17. g3 Bc7 18. Nd2 Nf6 19. Nb3 Qb4 20. Rd3 Qb5 21. Rh4 Ka8 22. Qf3 Qd5 23. Qe2 Rd7 24. a4 Qc4 25. a5 Nd5 26. axb6 axb6 27. Nd2 Qb4 28. Ra3+ Qxa3 0-1


[Site "https://www.chess.com"]

[Event "Titled Tuesday Blitz January 04 2022"]
[White "Bodnar, Nikolay"]
[Black "Afanasiev, Nikita"]
[WhiteFideId "14106469"]
[BlackFideId "24183555"]
[WhiteElo "2296"]
[BlackElo "2564"]
[Result "1-0"]
[Round "06"]
[TimeControl "180+1"]
[Date "2022.01.04"]
[WhiteClock "0:00:07"]
[BlackClock "0:00:02"]

1. e4 c5 2. Nf3 Nc6 3. Bb5 e5 4. O-O Bd6 5. c3 a6 6. Be2 Nf6 7. d4 cxd4 8. cxd4 exd4 9. Nxd4 O-O 10. Nc3 Be5 11. Be3 Re8 12. Bf3 d6 13. h3 Be6 14. Qd2 Qa5 15. Rfd1 Nxd4 16. Bxd4 Kh8 17. b3 h6 18. Rac1 Rac8 19. Rc2 Rc6 20. Ne2 Qxd2 21. Rcxd2 Rec8 22. Be3 Rc2 23. g4 Rxd2 24. Rxd2 g5 25. Kg2 Kg7 26. Nd4 Kg6 27. Nf5 Rd8 28. Bb6 Rd7 29. Be3 h5 30. Bb6 hxg4 31. hxg4 d5 32. exd5 Bxf5 33. gxf5+ Kxf5 34. Kf1 g4 35. Bg2 Ne4 36. Rd3 Nc3 37. a4 Ne4 38. f3 Ng5 39. fxg4+ Kxg4 40. Ke2 f5 41. d6 f4 42. Bxb7 Rh7 43. Bc8+ Kh5 44. d7 f3+ 45. Rxf3 Re7 46. Re3 Nf7 47. d8=Q 1-0


[Site "https://www.chess.com"]

[Event "Titled Tuesday Blitz January 04 2022"]
[White "Boruchovsky, Avital"]
[Black "Padmini, Rout"]
[WhiteFideId "2800055"]
[BlackFideId "5029295"]
[WhiteElo "2469"]
[BlackElo "2181"]
[Result "0-1"]
[Round "06"]
[TimeControl "180+1"]
[Date "2022.01.04"]
[WhiteClock "0:00:58"]
[BlackClock "0:00:18"]

1. Nf3 c5 2. e4 e6 3. c3 Nf6 4. e5 Nd5 5. d4 cxd4 6. cxd4 d6 7. Bc4 Be7 8. exd6 Bxd6 9. O-O O-O 10. Nc3 Nxc3 11. bxc3 Nd7 12. Ng5 Nf6 13. Qf3 h6 14. Ne4 Nxe4 15. Qxe4 Qc7 16. Bd3 Bxh2+ 17. Kh1 f5 18. Qe2 Bd6 19. c4 Qe7 20. g3 b6 21. Kg1 Bb7 22. Re1 Rae8 23. Bb2 f4 24. Be4 fxg3 25. f3 Bxe4 26. Qxe4 Rf4 27. Qg6 Rxf3 28. d5 e5 29. Re2 Ref8 30. Rae1 Bc5+ 31. Kg2 Rf2+ 32. Kxg3 R8f3+ 33. Kg4 Rf4+ 34. Kg3 Qh4# 0-1


[Site "https://www.chess.com"]

[Event "Titled Tuesday Blitz January 04 2022"]
[White "Christiansen, Johan-Sebastian"]
[Black "Theodorou, Nikolas"]
[WhiteFideId "1512668"]
[BlackFideId "4262875"]
[WhiteElo "2513"]
[BlackElo "2472"]
[Result "0-1"]
[Round "06"]
[TimeControl "180+1"]
[Date "2022.01.04"]
[WhiteClock "0:00:04"]
[BlackClock "0:00:11"]

1. e4 b6 2. d4 Bb7 3. Nc3 d6 4. Nf3 Nd7 5. Bd3 e5 6. d5 g6 7. a4 a6 8. h4 Bh6 9. h5 Kf8 10. Ne2 Kg7 11. Ng3 Ndf6 12. Bd2 Bc8 13. a5 b5 14. c4 bxc4 15. Bxc4 Bg4 16. Rc1 Bf4 17. Bxf4 exf4 18. Ne2 Nxh5 19. Nfd4 Ngf6 20. f3 Bd7 21. Qd2 Qb8 22. b3 Qa7 23. Qc3 Rhe8 24. Bd3 Rec8 25. Rxh5 gxh5 26. Nxf4 Qc5 27. Nxh5+ Kg6 28. Nf4+ Kg7 29. Qb2 Qxa5+ 30. Kf1 Kg8 31. Nc6 Bxc6 32. Qxf6 Bb5 33. Nh5 Bxd3+ 34. Kg1 Kf8 35. Qh8+ Ke7 36. Qf6+ Kf8 37. Qh6+ Ke8 38. Qxh7 Qd2 39. Qh8+ Kd7 40. Nf6+ Ke7 41. Ng8+ Rxg8 42. Rxc7+ Kf8 43. Qh6+ Qxh6 0-1


[Site "https://www.chess.com"]

[Event "Titled Tuesday Blitz January 04 2022"]
[White "Danada, Tomas"]
[Black "Harutjunyan, Gevorg"]
[WhiteFideId "14919362"]
[BlackFideId "13300873"]
[WhiteElo "2051"]
[BlackElo "2498"]
[Result "0-1"]
[Round "06"]
[TimeControl "180+1"]
[Date "2022.01.04"]
[WhiteClock "0:00:01"]
[BlackClock "0:01:00"]

1. Nf3 d5 2. d4 Nc6 3. c4 Bg4 4. cxd5 Bxf3 5. gxf3 Qxd5 6. e3 e5 7. Nc3 Bb4 8. Bd2 Bxc3 9. bxc3 Qd6 10. Qb3 Nge7 11. Qxb7 Rb8 12. Qa6 O-O 13. Be2 Qg6 14. Bd3 f5 15. d5 Nxd5 16. Bc4 Rbd8 17. O-O-O Kh8 18. Rhg1 Qf6 19. e4 Nb6 20. Bd5 Nxd5 21. Bg5 Qe6 22. Bxd8 Nxc3 23. Qa3 Nxa2+ 24. Kb2 Nab4 25. Bxc7 fxe4 26. Rd6 Qf7 27. Rc1 Qxc7 28. Rdxc6 Qb8 29. R6c3 Nd3+ 30. Ka1 Nxc1 31. Qxc1 exf3 32. Qe3 Qb6 33. Qd2 Rb8 34. Qc2 Qa6+ 0-1


[Site "https://www.chess.com"]

[Event "Titled Tuesday Blitz January 04 2022"]
[White "Dev, Shah"]
[Black "Costachi, Mihnea"]
[WhiteFideId "35019058"]
[BlackFideId "1217518"]
[WhiteElo "2098"]
[BlackElo "2464"]
[Result "1-0"]
[Round "06"]
[TimeControl "180+1"]
[Date "2022.01.04"]
[WhiteClock "0:00:06"]
[BlackClock "0:00:07"]

1. d4 Nf6 2. c4 g6 3. Nc3 d5 4. cxd5 Nxd5 5. e4 Nxc3 6. bxc3 c5 7. Bc4 Bg7 8. Ne2 cxd4 9. cxd4 O-O 10. O-O Bg4 11. f3 Bd7 12. Be3 Nc6 13. Rb1 Na5 14. Bd3 Rc8 15. Qe1 b6 16. h4 Nc4 17. Bf4 e5 18. Bxc4 Rxc4 19. Bxe5 Bxe5 20. dxe5 Rc2 21. Nd4 Rxa2 22. Rd1 Qe7 23. f4 Bg4 24. Rd3 Rd8 25. Kh1 Qe8 26. Qg3 h5 27. Rc1 Ra4 28. Nc6 Rc8 29. Rd6 Rxe4 30. Rc3 Kg7 31. Rf6 Qd7 32. Kh2 Qd2 33. Rd3 Qe1 34. Qxe1 Rxe1 35. Ne7 Rcc1 36. Rd8 Rh1+ 37. Kg3 Rc3+ 38. Kf2 Rc2+ 39. Kg3 Rc3+ 40. Kf2 Be6 41. Rg8+ Kh7 42. f5 Rc2+ 43. Kg3 Rc3+ 44. Kf2 gxf5 45. Rg5 Rc2+ 46. Kg3 Rc3+ 47. Kf2 Rc2+ 48. Kg3 Rg1 49. Kh2 Rcc1 50. Ng8 Rh1+ 51. Kg3 Rc3+ 52. Kf2 Rc2+ 53. Ke3 f4+ 54. Kd3 Bf5+ 55. Rfxf5 Rc6 56. Nf6+ Kh6 57. Rxh5+ Kg7 58. Rfg5+ Kf8 59. Rg8+ Ke7 60. Re8# 1-0


[Site "https://www.chess.com"]

[Event "Titled Tuesday Blitz January 04 2022"]
[White "Djordjevic, Vuk"]
[Black "Papp, Levente"]
[WhiteFideId "902098"]
[BlackFideId "751243"]
[WhiteElo "2463"]
[BlackElo "2308"]
[Result "1-0"]
[Round "06"]
[TimeControl "180+1"]
[Date "2022.01.04"]
[WhiteClock "0:00:29"]
[BlackClock "0:00:06"]

1. d4 e6 2. Nf3 Nf6 3. Bg5 d5 4. e3 Nbd7 5. c4 h6 6. Bh4 Be7 7. Nc3 O-O 8. Bd3 c5 9. cxd5 cxd4 10. dxe6 dxc3 11. exd7 cxb2 12. Rb1 Qa5+ 13. Nd2 Bxd7 14. Rxb2 Bc6 15. O-O Rad8 16. Rb3 Ba4 17. Qe2 Bxb3 18. Nxb3 Qb4 19. Nd4 Nd5 20. Bxe7 Qxe7 21. Qg4 Nf6 22. Qf3 Rd7 23. Rb1 Qe5 24. g3 b6 25. Rb5 Rd5 26. Rb3 Rc8 27. Kg2 Rdd8 28. Nc6 Qd5 29. Ne7+ Kf8 30. Nxd5 Rxd5 31. Ra3 a5 32. Rb3 a4 33. Rxb6 Rxd3 34. Qf5 Rcd8 35. Ra6 a3 36. Rxa3 Rd2 37. Ra7 Kg8 38. a4 Rb2 39. a5 Nd5 40. Qxf7+ 1-0


[Site "https://www.chess.com"]

[Event "Titled Tuesday Blitz January 04 2022"]
[White "Gareyev, Timur"]
[Black "Migot, Tangi"]
[WhiteFideId "14200937"]
[BlackFideId "662445"]
[WhiteElo "2586"]
[BlackElo "2527"]
[Result "1-0"]
[Round "06"]
[TimeControl "180+1"]
[Date "2022.01.04"]
[WhiteClock "0:00:18"]
[BlackClock "0:00:20"]

1. c4 Nf6 2. Nf3 g6 3. g3 d5 4. Bg2 dxc4 5. Na3 Bg7 6. Nxc4 Nc6 7. d3 O-O 8. O-O Be6 9. Qc2 Rb8 10. a3 a6 11. Bd2 Bd5 12. Bc3 Bxf3 13. Bxf3 Nd4 14. Bxd4 Qxd4 15. e3 Qd8 16. d4 c6 17. Rad1 Nd7 18. b4 Nb6 19. Na5 e5 20. dxe5 Qc7 21. e6 fxe6 22. Qe4 Kh8 23. Qg4 Rbe8 24. Bg2 Nd5 25. Qc4 Bb2 26. Qb3 Be5 27. Rc1 Qf7 28. Nc4 Bg7 29. Nd6 Qe7 30. Nxe8 Rxe8 31. Rc4 Qg5 32. h4 Qe5 33. Re4 Qf6 34. Rc4 Rf8 35. Rc2 Qe7 36. e4 Nf6 37. f4 Ng4 38. e5 Rd8 39. Bf3 Nh6 40. Be4 Bf8 41. Rcc1 Ng4 42. Rfd1 Rxd1+ 43. Rxd1 a5 44. Bf3 Nh6 45. Kg2 axb4 46. axb4 Nf5 47. Be4 Qe8 48. Bxf5 gxf5 49. Qc4 Qe7 50. Rd6 b5 51. Qxe6 Qa7 52. Qf6+ 1-0


[Site "https://www.chess.com"]

[Event "Titled Tuesday Blitz January 04 2022"]
[White "Godzwon, Iwo"]
[Black "Ten Hertog, Hugo"]
[WhiteFideId "21802483"]
[BlackFideId "1026356"]
[WhiteElo "2201"]
[BlackElo "2493"]
[Result "1-0"]
[Round "06"]
[TimeControl "180+1"]
[Date "2022.01.04"]
[WhiteClock "0:00:11"]
[BlackClock "0:00:04"]

1. e4 g6 2. d4 Bg7 3. Nc3 d6 4. f4 a6 5. Nf3 b5 6. Be3 Bb7 7. Bd3 Nf6 8. a3 Nbd7 9. Qe2 Rc8 10. e5 Nd5 11. Nxd5 Bxd5 12. h4 c5 13. c3 cxd4 14. cxd4 h5 15. O-O e6 16. Ng5 Nb6 17. Rfc1 O-O 18. Bf2 Qd7 19. Be4 Rxc1+ 20. Rxc1 Rc8 21. Qd1 Qb7 22. Rxc8+ Nxc8 23. Qf3 Bxe4 24. Nxe4 Qd5 25. Qe2 Kh8 26. Qc2 Qc4 27. Qxc4 bxc4 28. exd6 Nb6 29. d5 Nd7 30. dxe6 fxe6 31. Nc5 Nb8 32. Nxe6 Bf6 33. Bd4 Bxd4+ 34. Nxd4 Kg7 35. Kf2 Kf6 36. Ke3 Nd7 37. Ke4 Nb6 38. Nf3 Ke6 39. Ne5 Kxd6 40. Kd4 Na4 41. Nxc4+ Ke6 42. b3 Kf5 43. bxa4 Kxf4 44. Ne5 Kg3 45. Nxg6 Kxg2 46. Ke5 Kg3 47. Kf6 Kf3 48. Kg5 1-0


[Site "https://www.chess.com"]

[Event "Titled Tuesday Blitz January 04 2022"]
[White "Grandelius, Nils"]
[Black "Tregubov, Pavel V."]
[WhiteFideId "1710400"]
[BlackFideId "4115341"]
[WhiteElo "2617"]
[BlackElo "2341"]
[Result "1-0"]
[Round "06"]
[TimeControl "180+1"]
[Date "2022.01.04"]
[WhiteClock "0:01:30"]
[BlackClock "0:01:15"]

1. Nf3 c5 2. c4 Nf6 3. g3 Nc6 4. Bg2 d5 5. cxd5 Nxd5 6. Nc3 Nc7 7. O-O e5 8. Ne1 Be7 9. Nd3 f6 10. f4 exf4 11. Nxf4 O-O 12. b3 Bd7 13. Bb2 Qc8 14. Rc1 Re8 15. Ne4 b6 16. d4 cxd4 17. Bxd4 Nxd4 18. Qxd4 Bf5 19. Nd6 Ne6 20. Nxe6 Qxe6 21. Bd5 1-0


[Site "https://www.chess.com"]

[Event "Titled Tuesday Blitz January 04 2022"]
[White "Grischuk, Alexander"]
[Black "Moskalenko, Alexander"]
[WhiteFideId "4126025"]
[BlackFideId "4155351"]
[WhiteElo "2762"]
[BlackElo "2515"]
[Result "1-0"]
[Round "06"]
[TimeControl "180+1"]
[Date "2022.01.04"]
[WhiteClock "0:00:43"]
[BlackClock "0:00:02"]

1. e4 e6 2. d4 d5 3. e5 c5 4. c3 Bd7 5. Nf3 Qb6 6. Bd3 Nc6 7. dxc5 Bxc5 8. O-O Qc7 9. Re1 Nge7 10. Nbd2 Ng6 11. Nb3 Bb6 12. Qe2 O-O 13. Nbd4 a6 14. h4 f6 15. Bxg6 hxg6 16. Bf4 Nxd4 17. Nxd4 Bxd4 18. cxd4 f5 19. Rac1 Qa5 20. Qe3 Rfc8 21. Qg3 Kf7 22. Qb3 Bb5 23. a3 Qa4 24. Qe3 Rc2 25. Rxc2 Qxc2 26. Rc1 Qxb2 27. Rc7+ Kg8 28. Qg3 Be8 29. h5 Qb6 30. Re7 Qxd4 31. Kh2 Qc5 32. Qh4 Rc8 33. h6 gxh6 34. Qf6 1-0


[Site "https://www.chess.com"]

[Event "Titled Tuesday Blitz January 04 2022"]
[White "Gunina, Valentina"]
[Black "Onyshchuk, Volodymyr"]
[WhiteFideId "4167570"]
[BlackFideId "14114038"]
[WhiteElo "2465"]
[BlackElo "2642"]
[Result "0-1"]
[Round "06"]
[TimeControl "180+1"]
[Date "2022.01.04"]
[WhiteClock "0:00:17"]
[BlackClock "0:00:44"]

1. d4 g6 2. c4 Bg7 3. Nc3 d6 4. Nf3 e6 5. e4 Ne7 6. Be2 b6 7. Be3 Bb7 8. Qd2 h6 9. h4 Nd7 10. d5 e5 11. h5 f5 12. g3 g5 13. exf5 Nxf5 14. Bd3 O-O 15. Qe2 e4 16. Nxe4 Nc5 17. Nxc5 bxc5 18. O-O-O Qf6 19. Rhf1 Rae8 20. Qc2 Rxe3 21. fxe3 Nxe3 22. Qb3 Nxd1 23. Kxd1 Bc8 24. Kc2 Qe7 25. Re1 Qf7 26. Nd2 Qxh5 27. Qb5 Qf7 28. Qa5 Qf6 29. Qa3 Bf5 30. Ne4 Qd4 31. Qb3 Be5 32. Re2 Bxe4 33. Bxe4 Rf2 34. Qb8+ Kg7 35. Qxc7+ Rf7 36. Qa5 Qxc4+ 37. Kd2 Bxg3 38. Bd3 Bf4+ 0-1


[Site "https://www.chess.com"]